 Dungeon Crawl Stone Soup version 0.32-a0-520-g344ed53f66 (webtiles) character file.

Game seed: 15595237493118442085

14851 lunkers the Scorcher (level 11, -3/99 HPs)
             Began as a Mountain Dwarf Fire Elementalist on Feb 27, 2024.
             Was a Priest of Vehumet.
             Slain by a wyvern (15 damage)
             ... on level 3 of the Lair of Beasts.
             The game lasted 00:35:30 (11942 turns).

lunkers the Scorcher (MDFE)                        Turns: 11942, Time: 00:35:31

Health: -3/99      AC:  6    Str: 11    XL:     11   Next: 94%
Magic:  10/16      EV:  9    Int: 26    God:    Vehumet [***...]
Gold:   718        SH: 11    Dex: 10    Spells: 6/16 levels left

rFire   . . .        q - +4 mace (protect)
rCold   . . .        w - +2 kite shield
rNeg    . . .        n - +0 troll leather armour
rPois   .            r - +1 helmet
rElec   .            i - +0 cloak
rCorr   .            (no gloves)
SInv    .            (no boots)
Will    +....        l - amulet of magic regeneration
Stlth   +            A - +4 ring of slaying
HPRegen 1.16/turn    C - +6 ring of intelligence
MPRegen 0.55/turn

%: no passive effects
@: lethally poisoned (-3 -> -4), frozen, very slow
A: runic magic, artefact enchanting
a: Renounce Religion


You were on level 3 of the Lair of Beasts.
You worshipped Vehumet.
Vehumet was most pleased with you.
You visited 3 branches of the dungeon, and saw 13 of its levels.

You collected 718 gold pieces.

Inventory:

Hand Weapons
 c - a +2 sling of freezing
 o - a +2 dagger of venom
 q - a +4 mace of protection (weapon)
 u - a +1 spectral flail
 y - a +4 quarterstaff of chaos
 D - a +3 scimitar
Missiles
 E - 2 throwing nets
Armour
 i - a +0 cloak (worn)
 n - a +0 troll leather armour (worn)
 p - a scarf of repulsion
 r - a +1 helmet (worn)
 w - a +2 kite shield (worn)
 G - +0 steam dragon scales
 I - a scarf of repulsion
Jewellery
 a - a ring of flight
 g - a ring of see invisible
 l - an amulet of magic regeneration (around neck)
 z - a ring of resist corrosion
 A - a +4 ring of slaying (left hand)
 C - a +6 ring of intelligence (right hand)
 F - an amulet of reflection
 H - an amulet of guardian spirit
Scrolls
 f - 3 scrolls of enchant weapon
 h - 4 scrolls of amnesia
 m - 2 scrolls of fog
 t - 2 scrolls of revelation
 v - 5 scrolls of identify
 x - 4 scrolls of teleportation
Potions
 b - 2 potions of magic
 d - 2 potions of brilliance
 e - 9 potions of curing
 j - 2 potions of attraction
 k - 2 potions of ambrosia
 s - 2 potions of lignification
 B - 2 potions of cancellation
 J - 2 potions of might {unknown}


   Skills:
 + Level 9.9 Fighting
 - Level 1.3 Dodging
 - Level 1.4 Stealth
 + Level 7.3 Shields
 + Level 3.4 Spellcasting
 - Level 0.8 Conjurations
 * Level 18.3 Fire Magic


You had 6 spell levels left.
You knew the following spells:

 Your Spells              Type           Power      Damage    Failure   Level
b - Foxfire               Conj/Fire      100%       2x1d9     1%          1
c - Scorch                Fire           100%       2d9       1%          2
d - Volatile Blastmotes   Fire/Tloc      100%       2d18      1%          3
e - Flame Wave            Conj/Fire      53%        2d13      1%          4

Your spell library contained the following spells:

 Spells                   Type           Power      Damage    Failure   Level
 Brom's Barrelling Bould  Conj/Erth      6%         2d3       52%         4
 Inner Flame              Hex/Fire       51%        N/A       1%          3
 Ignite Poison            Fire/Alch      51%        N/A       1%          4
 Sticky Flame             Fire/Alch      51%        2d9       1%          4
 Summon Blazeheart Golem  Fire/Summ      51%        N/A       7%          4
 Dazzling Flash           Conj/Hex       12%        N/A       21%         3
 Mephitic Cloud           Conj/Alch/Air  5%         N/A       21%         3
 Sublimation of Blood     Necr           4%         N/A       43%         2
 Fugue of the Fallen      Necr           4%         N/A       67%         3
 Ozocubu's Armour         Ice            4%         N/A       67%         3
 Irradiate                Conj/Alch      3%         3d12      83%         5
 Manifold Assault         Tloc           4%         N/A       97%         4
 Petrify                  Alch/Erth      4%         N/A       97%         4
 Curse of Agony           Necr           4%         N/A       100%        5
 Silence                  Hex/Air        2%         N/A       100%        5
 Ignition                 Fire           39%        3d12      28%         8
 Orb of Destruction       Conj           4%         9d5       100%        7
 Spellforged Servitor     Conj/Summ      3%         N/A       100%        7


Dungeon Overview and Level Annotations

Branches:
Dungeon (9/15)             Temple (1/1) D:5            Lair (3/5) D:9
  Swamp: Lair:2-3    Shoals: Lair:2-3     Snake: Lair:2-3    Spider: Lair:2-3
    Orc: D:9-12

Altars:
Cheibriados
Dithmenos
Elyvilon
Fedhas
Gozag
Hepliaklqana
Kikubaaqudgha
Makhleb
Nemelex Xobeh
Okawaru
Qazlal
Ru
Sif Muna
Trog
Uskayaw
Vehumet
Wu Jian
Xom
Yredelemnul
Zin
The Shining One


Innate Abilities, Weirdness & Mutations

Your spellcasting is much less encumbered by armour.
You can use scrolls of enchantment on lesser artefacts.


Message History

The blink frog blinks!
The rime drake breathes ice at you. The icy flash freeze hits you!!
* * * LOW HITPOINT WARNING * * *
You are encased in ice.
Unknown command.
Unknown command.
A wave of flame ripples out!
The flame wave engulfs the wyvern!
The wyvern is moderately wounded.
The flame wave engulfs the blink frog!
The blink frog is almost dead.
The flame wave engulfs the rime drake!
The rime drake is moderately wounded.
The flame wave engulfs the blink frog!
The blink frog is moderately wounded.
The flame wave engulfs the fungus!
The fungus begins to die.
The fungus is lightly damaged.
You finish channelling waves of flame.
You feel sick. The wyvern bites you!
* * * LOW HITPOINT WARNING * * *
The blink frog hits you.
* * * LOW HITPOINT WARNING * * *
The wyvern barely misses you.
Unknown command.
Unknown command.
Unknown command.
Unknown command.
Casting: Flame Wave (mildly dangerous; 1% risk of failure)
Confirm with . or Enter, or press ? or * to list all spells.
Casting: Flame Wave (mildly dangerous; 1% risk of failure)
Press: ? - help, Dir - look around, f - activate A wave of flame ripples out!
The flame wave engulfs the rime drake!
The rime drake is severely wounded.
The flame wave engulfs the wyvern!
The wyvern is almost dead.
The flame wave engulfs the blink frog!!
You kill the blink frog!
Vehumet accepts your kill. (Press . to intensify the flame waves.)
You feel sick. The wyvern bites you!
You die...

#....#.....##..........##
##....#..........#####.#.
#...#.....#P....# ##
#...#.....#......
#...####.##......
#...P#####.......
#..............
##......†k......
#.......@kF.....
##.P#.+##F#..... #.
#...##F..... # ###.##
...... #.#....###.....
#........#.....
#..#...### ?... #.##P.##
..). #.###.# .


You could see 3 blink frogs, a rime drake (catching breath) and a wyvern.

Vanquished Creatures
  A hydra (Lair:3)
  Erica (D:8)
  A catoblepas (Lair:1)
  3 black mambas
  6 elephants
  A gargoyle (D:6)
  Joseph (D:8)
  5 cane toads
  2 komodo dragons (Lair:2)
  Psyche (D:8)
  A troll (D:9)
  Grinder (D:4)
  A blink frog (Lair:3)
  A shadow (D:6)
  A vampire (D:8)
  4 wyverns
  8 yaks
  2 basilisks (D:9)
  3 steam dragons
  8 water moccasins
  An orc warrior (D:9)
  A sky beast (D:8)
  2 ice beasts
  A black bear (D:5)
  A phantom (D:5)
  3 centaurs
  2 kobold brigands (D:9)
  7 bullfrogs
  3 scorpions
  10 wights (D:6)
  5 killer bees (D:8)
  A vampire bat (D:5)
  4 bombardier beetles
  3 hounds
  Crazy Yiuf (D:5)
  3 jellies
  3 sleepcaps
  Ijyb (D:4)
  2 iguanas
  10 orc wizards
  Robin (D:4)
  17 gnolls
  17 adders
  2 shadow imps
  A white imp (D:6)
  3 dart slugs
  3 ribbon worms
  18 orcs
  3 bat skeletons (D:5)
  3 bat zombies (D:5)
  4 endoplasms
  4 giant cockroaches
  17 goblins
  9 hobgoblins
  6 jackals (D:2)
  14 kobolds
  5 quokkas
  8 ball pythons
  5 bats
  2 frilled lizards
  6 rats
  A spectral goblin (D:1)
265 creatures vanquished.

Vanquished Creatures (collateral kills)
  A foxfire (D:7)
1 creature vanquished.

Vanquished Creatures (others)
  548 foxfires
548 creatures vanquished.

Grand Total: 814 creatures vanquished

Notes
Turn   | Place    | Note
-------+----------+-------------------------------------------
     0 | D:1      | lunkers the Mountain Dwarf Fire Elementalist began the
                  | quest for the Orb.
     0 | D:1      | Reached XP level 1. HP: 14/14 MP: 3/3
    89 | D:1      | Reached skill level 4 in Fire Magic
   252 | D:1      | Reached XP level 2. HP: 19/20 MP: 2/4
   509 | D:1      | Reached skill level 5 in Fire Magic
   629 | D:1      | Found a faded altar of an unknown god.
   641 | D:1      | Reached XP level 3. HP: 26/26 MP: 2/5
  1426 | D:2      | Reached skill level 6 in Fire Magic
  1426 | D:2      | Reached XP level 4. HP: 6/33 MP: 0/6
  1428 | D:2      | HP: 1/33 [quokka (3)]
  1491 | D:2      | Learned a level 2 spell: Scorch
  2534 | D:3      | Reached skill level 7 in Fire Magic
  2534 | D:3      | Reached XP level 5. HP: 38/38 MP: 2/7
  2624 | D:3      | You fall into a shaft and drop 2 floors!
  2624 | D:5      | Entered Level 5 of the Dungeon
  2705 | D:4      | Noticed Robin
  2758 | D:4      | Killed Robin
  2844 | D:4      | Noticed Ijyb
  2850 | D:4      | Killed Ijyb
  3090 | D:4      | Reached skill level 8 in Fire Magic
  3214 | D:4      | Reached XP level 6. HP: 24/45 MP: 2/8
  3405 | D:4      | Noticed Grinder
  3418 | D:4      | Killed Grinder
  3419 | D:4      | Reached skill level 9 in Fire Magic
  3419 | D:4      | Reached XP level 7. HP: 50/50 MP: 3/9
  3674 | D:3      | Found a snail-covered altar of Cheibriados.
  4014 | D:3      | Reached skill level 10 in Fire Magic
  4406 | D:5      | Found a staircase to the Ecumenical Temple.
  4448 | D:5      | HP: 2/50 [poisoned by a scorpion]
  4644 | D:5      | Found a runed translucent door.
  4672 | D:5      | Reached skill level 11 in Fire Magic
  4684 | Temple   | Entered the Ecumenical Temple
  4707 | Temple   | Became a worshipper of Vehumet
  4718 | Temple   | Learned a level 3 spell: Volatile Blastmotes
  4810 | D:5      | Reached skill level 1 in Fighting
  4810 | D:5      | Reached XP level 8. HP: 59/59 MP: 7/10
  4848 | D:5      | Found an ancient bone altar of Kikubaaqudgha.
  4970 | D:5      | Reached skill level 12 in Fire Magic
  5049 | D:5      | Found a blossoming altar of Fedhas.
  5132 | D:5      | Noticed Crazy Yiuf
  5246 | D:5      | Killed Crazy Yiuf
  5520 | D:6      | Noticed a gargoyle
  5529 | D:6      | Killed a gargoyle
  5748 | D:6      | Reached * piety under Vehumet
  5748 | D:6      | Offered knowledge of Shock by Vehumet.
  5761 | D:6      | Reached skill level 13 in Fire Magic
  5849 | D:6      | Reached XP level 9. HP: 50/72 MP: 6/11
  6070 | D:6      | Reached skill level 5 in Fighting
  6163 | D:6      | Found a hazy altar of Hepliaklqana.
  6189 | D:6      | Reached skill level 14 in Fire Magic
  7357 | D:7      | Reached ** piety under Vehumet
  7372 | D:7      | Found a white marble altar of Elyvilon.
  7417 | D:7      | Offered knowledge of Momentum Strike by Vehumet.
  7520 | D:7      | Found a shimmering blue altar of Sif Muna.
  7570 | D:7      | Learned a level 4 spell: Flame Wave
  7607 | D:8      | Found an iron altar of Okawaru.
  7609 | D:8      | Noticed Joseph
  7610 | D:8      | Noticed Psyche
  7617 | D:8      | Killed Joseph
  7618 | D:8      | Reached skill level 1 in Shields
  7618 | D:8      | Reached skill level 15 in Fire Magic
  7620 | D:8      | Killed Psyche
  7783 | D:8      | Noticed Erica
  7791 | D:8      | Killed Erica
  7792 | D:8      | Reached XP level 10. HP: 86/86 MP: 6/12
  8715 | D:9      | Reached skill level 16 in Fire Magic
  8748 | D:9      | Offered knowledge of Dazzling Flash by Vehumet.
  8766 | D:9      | Found a glowing silver altar of Zin.
  8783 | D:9      | Identified a scroll of acquirement
  8783 | D:9      | Acquired an Everburning Encyclopedia
  8868 | D:9      | Reached *** piety under Vehumet
  8884 | D:9      | Noticed an elephant
  9083 | D:9      | Killed an elephant
  9127 | D:9      | Reached skill level 5 in Shields
  9167 | D:9      | Found a staircase to the Lair.
  9393 | D:9      | Found a sparkling altar of Nemelex Xobeh.
  9442 | Lair:1   | Entered Level 1 of the Lair of Beasts
  9473 | Lair:1   | Noticed a cane toad
  9478 | Lair:1   | Killed a cane toad
  9502 | Lair:1   | Noticed a catoblepas
  9517 | Lair:1   | Killed a catoblepas
  9518 | Lair:1   | Reached XP level 11. HP: 73/95 MP: 1/13
  9567 | Lair:1   | Reached skill level 17 in Fire Magic
  9636 | Lair:1   | Offered knowledge of Brom's Barrelling Boulder by Vehumet.
 11639 | Lair:3   | Reached skill level 18 in Fire Magic
 11739 | Lair:3   | Noticed a boulder beetle
 11757 | Lair:3   | Noticed an eight-headed hydra
 11788 | Lair:3   | Killed an eight-headed hydra
 11942 | Lair:3   | Slain by a wyvern

Illustrated notes

Levels and vault maps discovered:
D:1:      matt_arrival_diagonals, layout_basic,
          dreamdust_ecumenical_altar_drowned_temple
D:2:      layout_loops_corners, nicolae_half_adder
D:3:      layout_basic, slow_altar_1, cheibrodos_sewer_entry_drain
D:4:      layout_loops_ring, uniq_ijyb, uniq_robin, uniq_grinder
D:5:      layout_cave_pools, kennysheep_vampire_church, fedhas_altar_2,
          minmay_temple_entry_crystal_x, uniq_crazy_yiuf_cottage
D:6:      kennysheep_spiral_hall, layout_loops_ring, nzn_hepliaklqana_mist_gate
D:7:      layout_basic, elyvilon_altar_1, led_sif_book,
          eino_small_chamber_without_monster
D:8:      layout_loops_ring, okawaru_trees_2, nzn_life_drinkers, uniq_erica,
          uniq_psyche, uniq_joseph
D:9:      layout_cave_pools, lemuel_tele_altar, old_standard_altar,
          david_lair_generic, fountainhead, kennysheep_generic_room_5
Temple:   hellmonk_temple_two_chambers
Lair:1:   layout_layer_cave, lemuel_fruit_tree
Lair:2:   layout_chaotic_city
Lair:3:   layout_regular_city, elwin_shoals_entry_rooms,
          spider_nest_entry_funnel_web, nicolae_lair_run_with_the_wolves

Skill      XL: |  1  2  3  4  5  6  7  8  9 10 11 |
---------------+----------------------------------+-----
Fire Magic     | 4 5 6 7 8 9 11 13 15 16 18 | 18.3
Fighting       | 1 4 7 8 9 |  9.9
Shields        | 2 5 7 |  7.3
Spellcasting   | 3 |  3.4
Dodging        | |  1.3
Stealth        | |  1.4
Conjurations   | |  0.8

Action                     |  1- 3 |  4- 6 |  7- 9 | 10-12 || total
---------------------------+-------+-------+-------+-------++-------
  Melee: Unarmed           |     4 |       |       |       ||     4
         Mace              |       |     7 |    69 |    31 ||   107
   Fire: Sling             |    84 |    63 |       |       ||   147
   Cast: Foxfire           |    29 |    26 |   199 |    69 ||   323
         Scorch            |       |    42 |    79 |    89 ||   210
         Flame Wave        |       |       |       |    20 ||    20
         Volatile Blastmot |       |       |       |     5 ||     5
  Evoke: Wand              |       |       |     4 |     1 ||     5
    Use: Scroll            |       |     8 |     9 |     5 ||    22
         Potion            |       |       |       |     1 ||     1
   Stab: Distracted        |       |       |     1 |       ||     1
 Armour: Robe              |    55 |    39 |    95 |    21 ||   210
         Troll leather arm |       |       |       |   120 ||   120
         Steam dragon scal |       |       |       |     3 ||     3
  Dodge: Dodged            |    65 |    38 |    63 |    53 ||   219
         Repelled          |     2 |     1 |     2 |     3 ||     8
  Block: Kite shield       |       |       |     1 |    72 ||    73

Table legend: (Time is in decaauts)
 A = Elapsed time spent in this place.
 B = Non-inter-level travel time spent in this place.
 C = Inter-level travel time spent in this place.
 D = Time resting spent in this place.
 E = Time spent auto-exploring this place.
 F = Levels seen in this place.
 G = Mean time per level.
                   A        B        C        D        E       F      G
               +--------+--------+--------+--------+--------+-----+--------+
         Total |  12057 |  11691 |    366 |      2 |   9745 |  13 |  927.5 |
       Dungeon |   9512 |   9191 |    321 |      2 |   7545 |   9 | 1056.9 |
        Temple |     34 |     34 |      0 |      0 |     17 |   1 |   34.0 |
          Lair |   2510 |   2465 |     45 |      0 |   2183 |   3 |  836.7 |
               +--------+--------+--------+--------+--------+-----+--------+

Top non-repeatable levels by time:
     D:6: 1471 daAuts
     D:2: 1417 daAuts
  Lair:1: 1365 daAuts
     D:1: 1168 daAuts
     D:5: 988 daAuts
     D:8: 982 daAuts
     D:4: 976 daAuts
     D:9: 875 daAuts
     D:3: 874 daAuts
  Lair:2: 823 daAuts
     D:7: 758 daAuts
  Lair:3: 320 daAuts
  Temple: 34 daAuts
